 Dungeon Crawl Stone Soup version 0.28-a0-535-g6f645e4c1d (webtiles) character file.

Game seed: 11749111378146761233

8 knot the Chopper (level 2, 13/24 HPs)
             Began as a Demonspawn Berserker on Sept 27, 2021.
             Was a Follower of Trog.
             Quit the game on level 1 of the Dungeon.
             The game lasted 00:00:15 (223 turns).

knot the Chopper (Demonspawn Berserker)              Turns: 223, Time: 00:00:16

Health: 13/24      AC:  3    Str: 17    XL:     2   Next: 0%
Magic:  2/2        EV: 12    Int:  8    God:    Trog [*.....]
Gold:   14         SH:  0    Dex: 12    Spells: 1/1 levels left

rFire   . . .      SeeInvis .   a - +0 hand axe
rCold   . . .      Faith    .   (no shield)
rNeg    . . .      Spirit   .   b - +0 animal skin
rPois   .          Reflect  .   (no helmet)
rElec   .          Harm     .   (no cloak)
rCorr   .          Rampage  .   (no gloves)
Will    .....                   (no boots)
Stlth   +.........              (no amulet)
HPRegen 0.08/turn               (no ring)
MPRegen 0.08/turn               (no ring)

@: no status effects
A: sharp scales 1
a: Renounce Religion, Berserk


You were on level 1 of the Dungeon.
You worshipped Trog.
Trog was aware of your devotion.
You visited 1 branch of the dungeon, and saw 1 of its levels.

You collected 14 gold pieces.

Inventory:

Hand Weapons
 a - a +0 hand axe (weapon)
Missiles
 f - 22 stones (quivered)
Armour
 b - a +0 animal skin (worn)
Scrolls
 c - a scroll of immolation {unknown}
 d - a scroll of amnesia {unknown}
 e - a scroll of identify {unknown}


   Skills:
 - Level 3.0 Fighting
 + Level 3.2 Axes
 - Level 1.7 Armour
 - Level 1.7 Dodging


You had one spell level left.
You didn't know any spells.
Your spell library was empty.

Dungeon Overview and Level Annotations

Branches:
Dungeon (1/15)

Altars:


Innate Abilities, Weirdness & Mutations

You are partially covered in razor-sharp scales. (AC +1, Slay +1)


Message History

You kill the ball python!
Trog accepts your kill. The hobgoblin misses you.
An endoplasm comes into view.
Your Axes skill increases to level 3!
The endoplasm quivers.
You hit the hobgoblin but do no damage. The hobgoblin misses you.
You hit the hobgoblin but do no damage. The hobgoblin hits you.
You slash the hobgoblin!
You kill the hobgoblin!
Trog accepts your kill.
You hit the endoplasm.
The endoplasm is heavily wounded.
The endoplasm closely misses you.
You barely miss the endoplasm.
The endoplasm is heavily wounded.
The endoplasm closely misses you.
You slash the endoplasm!
You kill the endoplasm!
Trog accepts your kill.
You hit the endoplasm.
The endoplasm is moderately wounded.
The endoplasm completely misses you.
You hit the endoplasm but do no damage.
The endoplasm is moderately wounded.
The endoplasm barely misses you.
You hit the endoplasm but do no damage.
The endoplasm is moderately wounded.
The endoplasm hits you.
You hit the endoplasm.
The endoplasm is severely wounded.
The endoplasm freezes you.
You are frozen.
You hit the endoplasm.
You kill the endoplasm!
Trog accepts your kill.
You have reached level 2!
Your demonic ancestry asserts itself...
Sharp scales grow over part of your body.
Are you sure you want to abandon this character and quit the game? (Confirm with "yes".)

# ..# . ... .....
. ... .... . #
..##... +. .....#
#.. #.#..####
#... #†#......
#....#@.#.#
#.........#
#.#####...#######
#..........
#.....#####
+..>..#
####.....##
#............
#.#.....(####


There were no monsters in sight!

Vanquished Creatures
  3 endoplasms (D:1)
  A goblin (D:1)
  A hobgoblin (D:1)
  A ball python (D:1)
  A frilled lizard (D:1)
7 creatures vanquished.

Notes
Turn   | Place    | Note
-------+----------+-------------------------------------------
     0 | D:1      | knot the Demonspawn Berserker began the quest for the Orb.
     0 | D:1      | Reached XP level 1. HP: 18/18 MP: 1/1
   223 | D:1      | Gained mutation: You are partially covered in razor-sharp
                  | scales. (AC +1, Slay +1) [demonic ancestry]
   223 | D:1      | Reached XP level 2. HP: 13/24 MP: 2/2
   223 | D:1      | Quit the game

Illustrated notes

Levels and vault maps discovered:
D:1:      psy_arrival_fountain, layout_basic,
          shapermc_ecumenical_altar_mp_highgroup, serial_park_tiny_2,
          st_stairs_9

Skill      XL: |  1 |
---------------+----+-----
Axes           | 3 |  3.2
Fighting       | |  3.0
Armour         | |  1.7
Dodging        | |  1.7

Action                   || total
-------------------------++-------
Melee: Hand axe          ||    17
Invok: Berserk           ||     1
Armor: Animal skin       ||     3
Dodge: Dodged            ||    14

Table legend: (Time is in decaauts)
 A = Elapsed time spent in this place.
 B = Non-inter-level travel time spent in this place.
 C = Inter-level travel time spent in this place.
 D = Time resting spent in this place.
 E = Time spent auto-exploring this place.
 F = Levels seen in this place.
 G = Mean time per level.
                   A        B        C        D        E       F      G
               +--------+--------+--------+--------+--------+-----+--------+
         Total |    240 |    240 |      0 |    115 |     95 |   1 |  240.0 |
       Dungeon |    240 |    240 |      0 |    115 |     95 |   1 |  240.0 |
               +--------+--------+--------+--------+--------+-----+--------+

Top non-repeatable levels by time:
     D:1: 240 daAuts
